 Dungeon Crawl Stone Soup version 0.29.1-12-g30fa7ad0bf (webtiles) character file.

Game seed: 6541478623837505597

709 cdecastro the Jinx (level 7, -1/36 HPs)
             Began as a Vampire Enchanter on Dec 15, 2022.
             Was a Follower of Wu Jian.
             Slain by an ogre
             ... wielding a +0 giant club
              (28 damage)
             ... on level 5 of the Dungeon on Dec 16, 2022.
             The game lasted 00:14:48 (5794 turns).

cdecastro the Jinx (Vampire Enchanter)              Turns: 5794, Time: 00:14:48

Health: -1/36      AC:  3    Str:  7    XL:     7   Next: 40%
Magic:  7/10       EV: 12    Int: 18    God:    Wu Jian [*.....]
Gold:   228        SH:  0    Dex: 16    Spells: 2/10 levels left

rFire   . . .      SeeInvis +   a - +1 dagger
rCold   + + .      Faith    .   (no shield)
rNeg    + + +      Spirit   .   o - +0 robe
rPois   ∞          Reflect  .   (no helmet)
rElec   .          Harm     .   r - +0 cloak
rCorr   .          Rampage  .   (no gloves)
Will    .....                   (no boots)
Stlth   ++++++....              (no amulet)
HPRegen 0.00/turn               y - ring of positive energy
MPRegen 0.12/turn               (no ring)

@: confusing by touch, bloodless, inhibited regen
A: bloodless, fangs 3, see invisible, vampiric 2
a: Bat Form, Revivify, Renounce Religion


You were on level 5 of the Dungeon.
You worshipped Wu Jian.
Wu Jian was aware of your devotion.
You visited 2 branches of the dungeon, and saw 6 of its levels.
You also visited: Sewer.

You collected 228 gold pieces.

Inventory:

Hand Weapons
 a - a +1 dagger (weapon)
 b - the +4 sling of Calamity {vorpal, rF- rC+ SInv}
   (You found it on level 3 of the Dungeon)

   Any ammunition fired from it inflicts extra damage upon your enemies.
   rF:        It makes you vulnerable to fire.
   rC:        It protects you from cold.
   SInv:      It lets you see invisible.
 s - a +2 sling of freezing
Missiles
 m - 15 poisoned darts
 n - 9 javelins
 z - 2 boomerangs
 A - 5 boomerangs of dispersal
Armour
 o - a +0 robe (worn)
 r - a +0 cloak (worn)
 u - a +1 ring mail of willpower
Jewellery
 y - a ring of positive energy (left hand)
Scrolls
 f - 2 scrolls of magic mapping {unknown}
 h - 4 scrolls of teleportation {unknown}
 k - 4 scrolls of enchant armour {unknown}
 p - 4 scrolls of identify {unknown}
 v - a scroll of fog {unknown}
Potions
 c - 2 potions of invisibility
 d - 2 potions of berserk rage {unknown}
 e - 2 potions of brilliance {unknown}
 g - 2 potions of mutation {unknown}
 i - 2 potions of haste {unknown}
 j - 2 potions of flight {unknown}
 l - 2 potions of degeneration {unknown}
 q - a potion of might {unknown}
 t - a potion of lignification {unknown}
 w - a potion of magic {unknown}
 x - a potion of curing {unknown}
 B - a potion of heal wounds {unknown}


   Skills:
 - Level 1.1 Short Blades
 - Level 2.1 Dodging
 + Level 8.6 Stealth
 - Level 2.0 Spellcasting
 * Level 10.5 Hexes


You had 2 spell levels left.
You knew the following spells:

 Your Spells              Type           Power      Damage    Failure   Level
a - Ensorcelled Hibernat  Hex/Ice        40%        N/A       3%          2
b - Confusing Touch       Hex            39%        N/A       1%          3
c - Tukima's Dance        Hex            39%        N/A       1%          3

Your spell library contained the following spells:

 Spells                   Type           Power      Damage    Failure   Level
 Foxfire                  Conj/Fire      4%         2x1d4     19%         1
 Sting                    Tmut/Pois      4%         1d3       19%         1
 Dazzling Flash           Conj/Hex       40%        N/A       6%          3
 Anguish                  Hex/Necr       10%        N/A       21%         4
 Mephitic Cloud           Conj/Pois/Air  1%         N/A       47%         3
 Yara's Violent Unravell  Hex/Tmut       10%        3d6       50%         5
 Petrify                  Tmut/Erth      1%         N/A       87%         4
 Sticky Flame             Conj/Fire      1%         2d3       87%         4
 Enfeeble                 Hex            19%        N/A       90%         7
 Alistair's Intoxication  Tmut/Pois      0%         N/A       99%         5
 Blade Hands              Tmut           0%         N/A       99%         5
 Borgnjor's Vile Clutch   Necr/Erth      0%         N/A       99%         5
 Eringya's Noxious Bog    Tmut/Pois      0%         N/A       100%        6
 Starburst                Conj/Fire      0%         6d3       100%        6
 Ignition                 Fire           0%         3d3       100%        8


Dungeon Overview and Level Annotations

Branches:
Dungeon (5/15)             Temple (1/1) D:5           Sewer (visited)

Altars:
Ashenzari
Cheibriados
Dithmenos
Fedhas
Hepliaklqana
Kikubaaqudgha
Makhleb
Nemelex Xobeh
Ru
Sif Muna
Trog
Vehumet
Wu Jian
Xom
Yredelemnul

Shops:
D:3 =

Annotations:
D:2 1 runed translucent door, Crazy Yiuf


Innate Abilities, Weirdness & Mutations

You do not regenerate when monsters are visible.
You are frail without blood (-20% HP).
You can heal yourself when you bite living creatures.
You are immune to poison.
You have razor-sharp teeth.
You have supernaturally acute eyesight. (SInv)
You are afflicted with vampirism and can become a bat while bloodless.


Message History

Found a sparkling altar of Nemelex Xobeh.
There is a bloodstained altar of Trog here.
There is a broken altar of Ashenzari here.
Found a sacrificial altar of Ru.
Found an ancient bone altar of Kikubaaqudgha.
Found a hazy altar of Hepliaklqana.
Found a shimmering blue altar of Sif Muna.
Partly explored, can't reach some places.
Partly explored, can't reach some places.
Partly explored, can't reach some places.
Partly explored, can't reach some places.
Partly explored, can't reach some places.
Partly explored, can't reach some places.
Partly explored, can't reach some places.
Search for what [Enter for "ego", or ? for help]? .
There is a burning altar of Makhleb here.
There is a staircase back to the Dungeon here.
You climb upwards.
Welcome back to the Dungeon!
There is a staircase to the Ecumenical Temple here.
m - 15 poisoned darts (gained 3)
Found an escape hatch in the floor.
You now have enough gold to buy a ring of flight on D:3.
You can access your shopping list by pressing '$'.
You now have 228 gold pieces (gained 9).
Items here: )) [ ÷÷.
n - 9 javelins (gained 5)
An ogre comes into view. It is wielding a +0 giant club.
An ogre is nearby!
An ogre is nearby!
An ogre is nearby!
An ogre is nearby!
The ogre shouts!
Casting: Confusing Touch (safe; 1% risk of failure)
Confirm with . or Enter, or press ? or * to list all spells.
Your hands begin to glow red.
The ogre hits you with a +0 giant club!
Unknown command.
You hit the ogre but do no damage.
The ogre hits you with a +0 giant club!!
Ouch! That really hurt!
You die...

####
...##########
##..........#
##########.#
#.###########
#...........#
#########.###
## #####.#
.#####
#O@..##
......
#....####
..?..( ##.##
...... #
...... ......
...... g.....
##.
########..


You could see an ogre.

Vanquished Creatures
  A water moccasin (Sewer)
  A black bear (D:4)
  An ogre (D:4)
  A necrophage (D:4)
  2 hounds (D:4)
  An orc priest (D:5)
  A gnoll bouda (D:5)
  6 gnolls
  8 adders
  An ufetubus (D:4)
  4 dart slugs
  6 orcs
  10 ball pythons
  2 bats (D:3)
  5 endoplasms
  5 giant cockroaches
  9 goblins
  7 hobgoblins
  6 jackals
  3 quokkas
  5 frilled lizards
  7 kobolds
  6 rats
98 creatures vanquished.

Notes
Turn   | Place    | Note
-------+----------+-------------------------------------------
     0 | D:1      | cdecastro the Vampire Enchanter began the quest for the
                  | Orb.
     0 | D:1      | Reached XP level 1. HP: 13/13 MP: 3/3
    82 | D:1      | Found a faded altar of an unknown god.
    93 | D:1      | Reached skill level 5 in Hexes
    96 | D:1      | Reached XP level 2. HP: 19/19 MP: 5/5
    99 | D:1      | Learned a level 2 spell: Ensorcelled Hibernation
   450 | D:1      | Reached skill level 5 in Stealth
   568 | D:1      | Gained mutation: You are afflicted with vampirism and can
                  | become a bat while bloodless. [Vampire growth]
   568 | D:1      | Reached XP level 3. HP: 20/24 MP: 6/6
   586 | D:1      | Learned a level 3 spell: Confusing Touch
  1318 | D:2      | Found a runed translucent door.
  1319 | D:2      | Noticed Crazy Yiuf
  1600 | D:2      | Reached skill level 6 in Hexes
  2151 | D:2      | Reached XP level 4. HP: 15/30 MP: 0/7
  2400 | D:3      | Found Feaxkar's Jewellery Shoppe.
  2719 | D:3      | Found a basalt altar of Yredelemnul.
  2886 | D:3      | Got Sif Muna's Handbook of Torrid Toxicity
  2901 | D:3      | Identified the +4 sling of Calamity {vorpal, rF- rC+ SInv}
  3110 | D:3      | Found a snail-covered altar of Cheibriados.
  3110 | D:3      | Found an ornate altar of the Wu Jian Council.
  3174 | D:3      | Got the Tractate on Hot Variation
  3233 | D:3      | Became a worshipper of the Wu Jian Council
  3288 | D:4      | Noticed a necrophage
  3567 | D:4      | Found a glowing drain.
  3582 | D:4      | Reached skill level 7 in Hexes
  3617 | Sewer    | Entered a sewer
  3827 | Sewer    | Noticed a water moccasin
  3840 | Sewer    | Killed a water moccasin
  3841 | Sewer    | Reached skill level 8 in Hexes
  3841 | Sewer    | Reached XP level 5. HP: 35/35 MP: 4/8
  3991 | D:4      | Noticed a black bear
  3999 | D:4      | Killed a black bear
  4000 | D:4      | Reached XP level 6. HP: 41/41 MP: 9/9
  4012 | D:4      | Reached skill level 9 in Hexes
  4224 | D:4      | Reached XP level 7. HP: 17/46 MP: 7/10
  4318 | D:4      | Learned a level 3 spell: Tukima's Dance
  4622 | D:5      | Entered Level 5 of the Dungeon
  4641 | D:5      | Reached skill level 10 in Hexes
  4687 | D:4      | Reached * piety under Wu Jian
  5080 | D:5      | Found a staircase to the Ecumenical Temple.
  5241 | Temple   | Entered the Ecumenical Temple
  5794 | D:5      | Slain by an ogre

Illustrated notes

Levels and vault maps discovered:
D:1:      shiori_arrival_oz, layout_basic, nicolae_ecumenical_snake_handling,
          corexii_item_surrounded_by_moat, dk_noncrumbling_4, minmay_cut_off
D:2:      layout_basic, dk_noncrumbling_2, uniq_crazy_yiuf_cottage
D:3:      layout_loops_ring, mainiacjoe_overflow_cross_hatched,
          gammafunk_temple_overflow_pools, serial_shops,
          nicolae_shop_hallway_stairs, grunt_ministairs_4,
          ebering_dispersal_statue_hall, minmay_misc_feat_more_columns,
          st_stairs_7, kennysheep_minor_cross
D:4:      layout_cave_pools, gup_sewer_entry_glass
D:5:      layout_rooms, minmay_temple_entry_stoned_glass,
          kennysheep_generic_room_16
Temple:   minmay_temple_forest_path

Skill      XL: |  1  2  3  4  5  6  7 |
---------------+----------------------+-----
Hexes          | 5 6 8 9 10 | 10.5
Stealth        | 5 6 7 8 |  8.6
Short Blades   | |  1.1
Dodging        | |  2.1
Spellcasting   | |  2.0

Action                   |  1- 3 |  4- 6 |  7- 9 || total
-------------------------+-------+-------+-------++-------
Melee: Dagger            |   128 |   117 |    75 ||   320
       Bite              |    15 |    15 |    14 ||    44
       Punch             |     1 |     1 |     1 ||     3
 Cast: Ensorcelled Hiber |    10 |     4 |     1 ||    15
       Confusing Touch   |       |     9 |    14 ||    23
Invok: Lunge             |       |    11 |     6 ||    17
       Whirlwind         |       |       |     2 ||     2
 Abil: Exsanguinate      |       |       |     1 ||     1
 Stab: Sleeping          |    20 |    14 |     2 ||    36
       Confused          |       |     7 |     5 ||    12
       Distracted        |       |       |     2 ||     2
Armor: Robe              |    16 |    24 |    15 ||    55
Dodge: Dodged            |    72 |    61 |    41 ||   174
